Map: En périphérie de Nulpar EC

Players

zuka - Winner!

  • Race: Protoss Protoss
  • League: Master
  • Spawn Location: 11:00

Krash

  • Race: Zerg Zerg
  • League: Master
  • Spawn Location: 5:00

VOD

https://www.youtube.com/watch?v=iZHLu-KQ_mE

Description

Time

  • Played on: April 17, 2018, 2:42 p.m.
  • Length: 14:58
Show
View Real Time Build Order
Export as new Build Order

zuka Protoss - Winner!

Build Orders: 1 Gate Expand, Oracle Opening, Phoenix Opening 

Get SALT Encoding   

  12  0:01  Probe  
  13  0:13  Probe  
  14  0:21  Pylon  
  14  0:25  Probe (Chrono Boost)  
  15  0:39  Probe (Chrono Boost)  
  15  0:42  Gateway  
  16  0:46  Probe  
  16  0:48  Assimilator  
  17  0:58  Probe (Chrono Boost)  
  18  1:10  Probe (Chrono Boost)  
  19  1:18  Probe (Chrono Boost)  
  20  1:30  Nexus  
  20  1:39  Cybernetics Core  
  20  1:44  Probe  
  21  1:47  Assimilator  
  21  1:55  Pylon  
  21  1:56  Probe  
  22  2:08  Probe  
  23  2:15  Adept  
  25  2:20  Probe  
  25  2:22  Stargate  
  26  2:32  Probe (Chrono Boost)  
  26  2:33  Warp Gate  
  27  2:44  Probe (Chrono Boost), Adept  
  29  2:46  Probe (Chrono Boost)  
  29  2:49  Probe (Chrono Boost)  
  32  2:54  Probe  
  32  2:58  Probe, Assimilator  
  33  3:05  Phoenix (Chrono Boost)  
  34  3:06  Probe  
  34  3:10  Probe  
  38  3:18  Probe  
  39  3:23  Probe, Oracle  
  43  3:28  Pylon  
  43  3:30  Probe  
  43  3:33  Assimilator  
  44  3:35  Probe  
  45  3:42  Probe (Chrono Boost)  
  45  3:43  Gateway  
  45  3:47  Stargate  
  46  3:54  Probe x2 (Chrono Boost)  
  50  4:03  Probe (Chrono Boost)  
  50  4:07  Probe (Chrono Boost)  
  51  4:10  Probe (Chrono Boost)  
  51  4:11  Fleet Beacon  
  51  4:14  Probe (Chrono Boost)  
  51  4:15  Probe (Chrono Boost)  
  53  4:25  Probe  
  54  4:38  Nexus  
  54  4:41  Pylon  
  54  4:59  Probe x2  
  56  5:03  Carrier (Chrono Boost)  
  62  5:11  Pylon  
  62  5:12  Graviton Catapult  
  62  5:22  Probe x2  
  62  5:25  Carrier (Chrono Boost)  
  62  5:31  Pylon  
  62  5:34  Probe x2  
  70  5:36  Protoss Air Weapons Level 1  
  70  5:39  Pylon  
  70  5:48  Pylon  
  70  5:49  Probe x2  
  72  5:50  Shield Battery  
  72  5:54  Probe  
  73  6:00  Stargate  
  73  6:01  Probe x2  
  75  6:05  Assimilator  
  75  6:07  Probe  
  75  6:11  Assimilator  
  76  6:13  Probe  
  76  6:15  Carrier (Chrono Boost)  
  76  6:17  Probe  
  84  6:19  Probe  
  84  6:25  Probe  
  86  6:29  Probe  
  86  6:31  Probe  
  88  6:37  Probe  
  95  6:40  Pylon  
  95  6:41  Carrier (Chrono Boost), Probe  
  95  6:43  Carrier (Chrono Boost)  
  95  6:44  Pylon  
  95  6:45  Pylon  
  102  6:49  Probe  
  102  6:53  Pylon  
  103  6:58  Pylon  
  103  6:59  Mothership (Chrono Boost)  
  117  7:32  Protoss Air Weapons Level 2  
  117  7:33  Carrier (Chrono Boost)  
  117  7:44  Nexus  
  117  7:45  Pylon  
  117  7:48  Pylon  
  114  7:55  Shield Battery  
  114  7:56  Carrier (Chrono Boost)  
  114  7:57  Shield Battery  
  114  7:59  Pylon  
  114  8:04  Carrier (Chrono Boost)  
  126  8:10  Cybernetics Core  
  126  8:20  Shield Battery  
  126  8:21  Shield Battery  
  126  8:23  Shield Battery  
  126  8:25  Stargate  
  126  8:26  Assimilator  
  126  8:30  Assimilator  
  126  8:32  Pylon  
  126  8:37  Pylon  
  126  8:50  Carrier (Chrono Boost)  
  132  8:59  Twilight Council  
  132  9:05  Carrier (Chrono Boost)  
  144  9:21  Carrier (Chrono Boost), Void Ray (Chrono Boost)  
  148  9:25  Probe  
  149  9:36  Forge  
  149  9:38  Templar Archives  
  149  9:54  Void Ray (Chrono Boost)  
  149  9:58  Protoss Air Weapons Level 3 (Chrono Boost)  
  149  9:59  Void Ray (Chrono Boost)  
  157  10:07  Psionic Storm  
  157  10:10  Pylon  
  157  10:19  Robotics Facility  
  157  10:22  Pylon  
  157  10:23  High Templar  
  157  10:24  High Templar, Pylon  
  157  10:27  Gateway  
  161  10:29  Gateway  
  161  10:31  Void Ray  
  161  10:35  Void Ray  
  169  10:42  Gateway  
  169  10:46  Void Ray  
  169  10:49  Void Ray  
  177  10:53  Gateway  
  177  10:58  High Templar  
  177  11:02  Photon Cannon  
  177  11:03  Photon Cannon  
  179  11:08  Photon Cannon  
  179  11:10  High Templar  
  181  11:14  Observer (Chrono Boost)  
  182  11:21  Photon Cannon  
  182  11:22  Carrier, Photon Cannon  
  182  11:28  Protoss Air Armor Level 1 (Chrono Boost)  
  182  11:30  Void Ray  
  192  11:42  Void Ray  
  192  11:51  Void Ray  
  199  12:48  Nexus  
  199  13:05  Pylon  
  199  13:54  Stargate  
  199  13:56  Stargate  
  199  13:58  Stargate  
  199  14:00  Stargate  
  199  14:03  Stargate  
  191  14:20  Photon Cannon  
  191  14:22  Photon Cannon  
  191  14:23  Zealot x3  
  191  14:24  Photon Cannon, Zealot x2  
Show
View Real Time Build Order
Export as new Build Order

Krash Zerg 

Build Orders: Pool First 

Get SALT Encoding   

  12  0:00  Drone  
  13  0:12  Overlord  
  13  0:17  Drone  
  14  0:32  Drone  
  14  0:33  Drone  
  14  0:35  Drone  
  17  0:56  Spawning Pool  
  16  0:58  Drone  
  17  1:08  Hatchery  
  16  1:11  Drone  
  16  1:14  Drone  
  18  1:20  Drone  
  19  1:26  Extractor  
  19  1:31  Overlord  
  18  1:46  Queen  
  20  1:47  Zergling x2  
  20  1:51  Drone  
  22  2:05  Drone  
  23  2:22  Queen  
  25  2:23  Hatchery  
  25  2:25  Queen  
  26  2:33  Metabolic Boost  
  26  2:35  Drone  
  27  2:37  Zergling x2  
  27  2:41  Drone  
  30  2:44  Drone  
  30  2:48  Drone  
  30  2:49  Drone  
  32  2:55  Overlord  
  32  2:59  Drone  
  33  3:07  Drone x3  
  36  3:15  Overlord  
  36  3:16  Drone x2  
  36  3:19  Drone  
  39  3:28  Overlord  
  39  3:29  Spore Crawler  
  39  3:31  Spore Crawler  
  39  3:32  Drone x2  
  39  3:36  Drone  
  39  3:37  Drone  
  41  3:43  Queen  
  43  3:49  Drone x2  
  43  3:53  Drone x2  
  47  4:00  Drone x3  
  47  4:01  Drone x2  
  47  4:02  Drone  
  53  4:09  Evolution Chamber  
  52  4:12  Baneling Nest, Drone x2  
  52  4:14  Spore Crawler  
  52  4:17  Overlord  
  52  4:27  Drone x2  
  52  4:29  Zergling x4  
  52  4:30  Zergling x4  
  58  4:33  Overlord x2  
  58  4:36  Zerg Melee Weapons Level 1  
  57  4:47  Drone  
  57  4:48  Drone x2  
  57  4:50  Drone  
  60  4:54  Queen  
  60  4:55  Drone x2  
  64  5:08  Zergling x2  
  64  5:09  Zergling x18, Extractor x2  
  64  5:11  Baneling x4  
  64  5:12  Baneling  
  72  5:22  Overlord x2  
  72  5:23  Overlord  
  72  5:37  Drone x2  
  72  5:40  Drone x5  
  72  5:41  Overlord x3  
  79  5:43  Lair  
  79  5:44  Drone  
  80  6:00  Drone x3  
  80  6:01  Drone x5, Hatchery  
  80  6:02  Drone  
  80  6:04  Extractor x2  
  86  6:09  Overlord  
  86  6:10  Overlord x2  
  86  6:15  Zergling x6  
  89  6:20  Queen  
  89  6:24  Drone x3  
  94  6:27  Zergling x8  
  94  6:28  Zergling x2  
  94  6:30  Zerg Missile Weapons Level 1  
  99  6:39  Drone  
  101  6:40  Drone x5  
  101  6:42  Extractor  
  101  6:46  Evolution Chamber  
  103  6:48  Drone  
  103  6:50  Hydralisk Den, Overseer  
  103  6:57  Hatchery  
  103  6:58  Drone  
  103  6:59  Drone x6  
  109  7:10  Queen  
  111  7:20  Zerg Melee Weapons Level 2  
  111  7:22  Spire  
  111  7:25  Drone x12  
  111  7:26  Infestation Pit  
  111  7:27  Extractor  
  111  7:28  Extractor  
  119  7:41  Grooved Spines  
  118  7:46  Hydralisk x5  
  118  7:47  Hydralisk x3  
  134  7:53  Centrifical Hooks  
  134  7:57  Drone x3  
  134  7:58  Drone x3  
  140  7:59  Spore Crawler  
  139  8:09  Hatchery  
  138  8:21  Hive  
  138  8:23  Pathogen Glands  
  138  8:24  Burrow  
  138  8:26  Zerg Missile Weapons Level 2  
  138  8:34  Overlord x4  
  138  8:35  Overlord x4  
  138  8:39  Corruptor x2, Zerg Flyer Armor Level 1  
  138  8:40  Spire  
  141  9:00  Corruptor x4  
  149  9:11  Corruptor  
  149  9:12  Corruptor x2  
  155  9:22  Overlord x2  
  155  9:27  Spore Crawler  
  154  9:31  Corruptor  
  154  9:32  Corruptor x3  
  162  9:54  Zerg Flyer Weapons Level 1  
  162  9:55  Neural Parasite  
  162  9:56  Infestor x2  
  166  10:02  Drone, Extractor  
  166  10:03  Drone x3, Extractor  
  166  10:04  Drone x2  
  170  10:22  Drone x3  
  173  10:31  Hatchery  
  172  10:38  Infestor x6, Extractor  
  172  10:41  Extractor  
  177  11:05  Drone x2  
  177  11:06  Drone x4  
  177  11:08  Drone x11  
  177  11:09  Drone x2  
  196  11:13  Spore Crawler x2  
  196  11:14  Spore Crawler x2  
  196  11:15  Spore Crawler  
  196  11:16  Spore Crawler x2  
  189  11:26  Spore Crawler  
  189  11:28  Spore Crawler  
  189  11:30  Spore Crawler, Greater Spire  
  186  11:44  Overseer  
  186  11:47  Overseer x3  
  186  11:48  Zerg Flyer Armor Level 2  
  176  12:14  Spore Crawler  
  176  12:15  Spore Crawler x3  
  174  12:16  Spore Crawler  
  174  12:17  Spore Crawler x2  
  174  12:18  Spore Crawler  
  174  12:19  Spore Crawler x2  
  164  12:23  Infestor  
  164  12:24  Infestor x7  
  178  12:38  Drone x2  
  178  12:39  Drone  
  178  12:40  Drone x11  
  178  12:41  Drone  
  178  13:03  Brood Lord x4  
  178  13:05  Brood Lord  
  188  13:13  Corruptor  
  188  13:14  Corruptor x4  
  198  13:29  Spore Crawler  
  198  13:33  Spore Crawler  
  176  13:34  Spore Crawler  
  140  13:41  Corruptor  
  140  13:42  Corruptor x11  
  135  14:01  Zergling x28  
  135  14:02  Zergling x8  
  149  14:08  Overseer  
  147  14:10  Overseer  
  137  14:18  Corruptor x3  
  137  14:21  Corruptor x6  
  132  14:42  Spawning Pool  
Tags
 
Add a new tag
Caveats
  • Supply blocks, unpowered buildings, or Contaminate may cause inaccurate times.
  • Supply counts are checked every 10 seconds.